 Dungeon Crawl Stone Soup version 0.31-a0-237-g2d982f9f85 (webtiles) character file.

Game seed: 8109992238350792275

50 qw the Shooter (level 3, -3/21 HPs)
             Began as a Gargoyle Hexslinger on July 10, 2023.
             Killed from afar by Ijyb (6 damage)
             ... with a puff of flame
             ... on level 3 of the Dungeon.
             The game lasted 00:00:33 (1677 turns).

qw the Shooter (Gargoyle Hexslinger)                Turns: 1677, Time: 00:00:34

Health: -3/21      AC:  8    Str: 11    XL:     3   Next: 79%
Magic:  4/4        EV: 10    Int: 13    God:
Gold:   66         SH:  0    Dex: 14    Spells: 3/4 levels left

rFire   . . .        Y - +1 sling
rCold   + . .        (no shield)
rNeg    + . .        f - +0 ring mail {rC+}
rPois   inf          (no helmet)
rElec   +            (no cloak)
rCorr   .            (no gloves)
SInv    .            (no boots)
Will    .....        (no amulet)
Stlth   +            (no ring)
HPRegen 0.23/turn    (no ring)
MPRegen 0.09/turn

%: no passive effects
@: no status effects
A: sickness immunity, AC +3, negative energy resistance 1, electricity
resistance, torment resistance 1, petrification resistance
a: no special abilities


You were on level 3 of the Dungeon.
You visited 1 branch of the dungeon, and saw 3 of its levels.

You collected 66 gold pieces.


Innate Abilities, Weirdness & Mutations

You are immune to sickness and miasma.
Your stone body is resilient. (AC +3)
You are immune to poison.
You resist negative energy. (rN+)
You are resistant to electric shocks. (rElec)
You are resistant to unholy torment.
You are immune to petrification.


   Skills:
 - Level 2.0 Fighting
 + Level 3.6 Ranged Weapons
 - Level 1.5 Dodging
 - Level 1.0 Spellcasting
 - Level 2.6 Hexes


You had 3 spell levels left.
You knew the following spells:

 Your Spells              Type           Power      Damage    Failure   Level
a - Slow                  Hex            28%        N/A       22%         1

Your spell library contained the following spells:

 Spells                   Type           Power      Damage    Failure   Level
 Inner Flame              Hex/Fire       4%         N/A       75%         3
 Portal Projectile        Hex/Tloc       8%         N/A       75%         3
 Cause Fear               Hex            3%         N/A       92%         4

Inventory:

Hand Weapons
 Y - a +1 sling (weapon)
Armour
 f - a +0 ring mail of cold resistance (worn)
Scrolls
 a - 4 scrolls of identify
Potions
 d - a potion of heal wounds

Dungeon Overview and Level Annotations

Branches:
Dungeon (3/15)

Altars:

Shops:
D:1 (

Annotations:
D:2 1 runed translucent door, Crazy Yiuf
D:3 Ijyb, Robin


Message History

The goblin hits you but does no damage. The goblin closely misses you.
You hear a shout!
You shoot a sling bullet. The sling bullet hits the goblin.
You kill the goblin!
The goblin barely misses you.
You shoot a sling bullet.
The sling bullet closely misses the goblin.
The goblin hits you but does no damage.
Robin says, "A pitiful Gargoyle like you will never find the ORB!"
The goblin hits you but does no damage.
You shoot a sling bullet. The sling bullet hits Ijyb.
Ijyb is lightly wounded.
The goblin hits you but does no damage.
Ijyb hits you with a +2 dagger of draining.
You shoot a sling bullet. The sling bullet hits Ijyb.
Ijyb is moderately wounded.
The goblin closely misses you.
Ijyb zaps a wand.
The puff of flame misses you.
You shoot a sling bullet. The sling bullet hits Ijyb.
Ijyb is moderately wounded.
The goblin hits you but does no damage.
Ijyb hits you with a +2 dagger of draining.
Robin throws the goblin at you! The goblin barely misses you. x2
Ijyb hits you with a +2 dagger of draining.
You shoot a sling bullet. The sling bullet hits Ijyb!
Ijyb is severely wounded.
Ijyb no longer looks unusually strong.
The goblin hits you but does no damage. The goblin closely misses you.
You shoot a sling bullet. The sling bullet hits Ijyb.
Ijyb is almost dead.
The goblin no longer looks unusually strong.
The goblin hits you with a +1 dagger of electrocution.
Ijyb zaps a wand.
The puff of flame hits you. The goblin hits you with a +0 club.
You shoot a sling bullet.
The sling bullet hits Ijyb but does no damage.
Ijyb is almost dead.
The goblin no longer looks unusually strong.
The goblin barely misses you. The goblin hits you with a +0 club.
Ijyb zaps a wand.
The puff of flame hits you.
You die...

.. #) #.. #.. ..g
#g###
#ggg###########
#@g.#.......#
.#######.........#
........#........#
#.......#.#####+##
#.......#.......#
#.......#####..##
#.......#####...>
#.......'......
#.......###.#).


You could see Ijyb, Robin and 4 goblins.

Vanquished Creatures
  An adder (D:2)
  A dart slug (D:2)
  3 ball pythons
  5 endoplasms
  A giant cockroach (D:1)
  7 goblins
  4 hobgoblins
  3 bats
  2 frilled lizards
  6 kobolds
  3 rats
36 creatures vanquished.

Notes
Turn   | Place    | Note
-------+----------+-------------------------------------------
     0 | D:1      | qw the Gargoyle Hexslinger began the quest for the Orb.
     0 | D:1      | Reached XP level 1. HP: 12/12 MP: 2/2
     0 | D:1      | 0 ||| qw: Version: 0.3-a-52-g30416fa
     0 | D:1      | 0 ||| qw: Game counter: 5030
     0 | D:1      | 0 ||| qw: Melee chars always use a shield: true
     0 | D:1      | 0 ||| qw: God list: Okawaru
     0 | D:1      | 0 ||| qw: Allow faded altars: false
     0 | D:1      | 0 ||| qw: Do Orc after clearing Dungeon:15 true
     0 | D:1      | 0 ||| qw: Do second Lair branch before Depths: true
     0 | D:1      | 0 ||| qw: Lair rune preference: random
     0 | D:1      | 0 ||| qw: Goals: Normal
     0 | D:1      | 0 ||| PLANNING D:1-11
    48 | D:1      | Found a faded altar of an unknown god.
   148 | D:1      | Reached XP level 2. HP: 7/16 MP: 3/3
   387 | D:1      | Reached skill level 3 in Ranged Weapons
   469 | D:1      | Found Ynenima's Antique Weapon Boutique.
   476 | D:1      | 476 ||| SHOPLISTING orcbow (101 gold, have 29).
   861 | D:1      | 861 ||| READING 4 scrolls labelled TEIQOU LEEX.
   862 | D:1      | 862 ||| READING scroll labelled KOUH QEP OSCHO.
   863 | D:1      | 863 ||| DRINKING 2 bubbling orange potions.
   864 | D:1      | 864 ||| DROPPING scroll of poison.
   865 | D:1      | 865 ||| DROPPING potion of magic.
   989 | D:2      | 989 ||| Stepping ~*~*~tactically~*~*~ (water).
  1051 | D:2      | Identified the +7 mace of the Final Stories {chaos, Str+5
                  | Stlth-}
  1061 | D:2      | Reached XP level 3. HP: 21/21 MP: 4/4
  1272 | D:2      | Found a runed translucent door.
  1273 | D:2      | Noticed Crazy Yiuf
  1477 | D:2      | 1477 ||| UPGRADING to +0 ring mail.
  1487 | D:2      | 1487 ||| DROPPING +0 robe.
  1488 | D:2      | 1488 ||| UPGRADING to +0 ring mail of cold resistance.
  1498 | D:2      | 1498 ||| DROPPING +0 ring mail.
  1499 | D:2      | 1499 ||| READING scroll labelled FOEWOA EJUI.
  1560 | D:2      | 1560 ||| READING 5 scrolls of identify.
  1560 | D:2      | 1560 ||| IDENTIFYING golden potion
  1661 | D:3      | Noticed Robin
  1668 | D:3      | Noticed Ijyb
  1677 | D:3      | HP: 3/21 [goblin/+0 club[Robin] (4)]
  1677 | D:3      | Killed from afar by Ijyb

Levels and vault maps discovered:
D:1:      doesnt_arrival_eight_statues, layout_basic, serial_shops, shop,
          basic_ecumenical_altar
D:2:      layout_rooms, chequers_serial_rivers_small_3, uniq_crazy_yiuf_cottage
D:3:      layout_basic, mainiacjoe_overflow_alcove_4,
          mainiacjoe_overflow_six_doors_small, chequers_jeans, uniq_terence,
          uniq_robin, uniq_ijyb

Skill      XL: |  1  2  3 |
---------------+----------+-----
Ranged Weapons | 3 |  3.6
Fighting       | 2 |  2.0
Dodging        | |  1.5
Spellcasting   | |  1.0
Hexes          | |  2.6

Action                     || total
---------------------------++-------
   Fire: Sling             ||   139
    Use: Scroll            ||     4
         Potion            ||     1
 Armour: Robe              ||     9
         Ring mail         ||    21
  Dodge: Dodged            ||    44

Table legend:
 A = Non-vault XP
 B = Vault XP
 C = Vault XP percentage of total XP
 D = Non-vault monster count
 E = Vault monster count
 F = Vault count percentage of total count
                 A         B        C        D         E       F
            +---------+---------+-------+---------+---------+-------
      Total |      63 |       9 |  12.5 |      31 |       5 |  13.9
            +---------+---------+-------+---------+---------+-------
        D:1 |      26 |       0 |   0.0 |      16 |       0 |   0.0
        D:2 |      31 |       0 |   0.0 |      11 |       0 |   0.0
        D:3 |       6 |       9 |  60.0 |       4 |       5 |  55.6
            +---------+---------+-------+---------+---------+-------
